 Dungeon Crawl Stone Soup version 0.30-a0-622-gddc90eaa04 (webtiles) character file.

Game seed: 16396946767494654153

147 IdlyInterested the Chopper (level 5, -1/41 HPs)
             Began as a Demonspawn Gladiator on Jan 10, 2023.
             Slain by Pikel
             ... wielding a +2 whip of freezing
              (3 damage)
             ... on level 4 of the Dungeon.
             The game lasted 00:04:08 (1697 turns).

IdlyInterested the Chopper (Demonspawn Gladiator)   Turns: 1697, Time: 00:04:08

Health: -1/41      AC:  8    Str: 17    XL:     5   Next: 8%
Magic:  5/5        EV:  8    Int:  9    God:
Gold:   30         SH:  0    Dex: 14    Spells: 4/4 levels left

rFire   . . .      SeeInvis .    a - +0 war axe
rCold   . . .      Faith    .    (no shield)
rNeg    . . .      Spirit   .    j - +0 chain mail
rPois   .          Reflect  .    (helmet restricted)
rElec   .          Harm     .    (no cloak)
rCorr   .          Rampage  .    (no gloves)
Will    .....                    (no boots) Stlth
                                 (no amulet)
HPRegen 0.26/turn                (no ring)
MPRegen 0.18/turn                (no ring)

@: mighty
A: horns 1, magic regeneration
a: no special abilities


You were on level 4 of the Dungeon.
You visited 1 branch of the dungeon, and saw 3 of its levels.

You collected 30 gold pieces.

Inventory:

Hand Weapons
 a - a +0 war axe (weapon)
 c - a +2 whip of venom
Missiles
 d - 3 throwing nets
 e - a javelin
 g - 21 stones (quivered)
Armour
 b - a +0 leather armour
 j - a +0 chain mail (worn)
Scrolls
 f - 2 scrolls of fog {unknown}
 k - 2 scrolls of fear
 l - a scroll of identify {unknown}
 n - a scroll of immolation {unknown}
Potions
 h - 2 potions of heal wounds {unknown}
 i - a potion of brilliance {unknown}


   Skills:
 * Level 3.0 Fighting
 + Level 4.0 Axes
 - Level 2.0 Throwing
 * Level 1.7 Armour
 - Level 3.0 Dodging


You had 4 spell levels left.
You didn't know any spells.
Your spell library was empty.

Dungeon Overview and Level Annotations

Branches:
Dungeon (2/15)

Altars:

Annotations:
D:4 Pikel


Innate Abilities, Weirdness & Mutations

You have a pair of small horns on your head.
You regenerate magic rapidly.


Message History

The lemure completely misses you.
You hit the lemure.
The lemure is lightly wounded.
The lemure hits you but does no damage. x2
You hit the lemure.
You headbutt the lemure, but do no damage.
The lemure is moderately wounded.
You hit the lemure. The lemure hits you.
You feel very mighty all of a sudden. The lemure hits you but does no damage.
You miss Pikel. You barely miss the lemure. The lemure barely misses you.
Pikel closely misses you.
You slash Pikel!
Pikel is moderately wounded.
You hit the lemure. The lemure barely misses you.
Pikel hits you with a +2 whip of freezing.
Pikel freezes you. The lemure hits you.
Pikel hits you with a +2 whip of freezing.
Pikel freezes you.
You barely miss Pikel.
Pikel is moderately wounded.
You miss the lemure. The lemure hits you!
Pikel hits you with a +2 whip of freezing!
* * * LOW HITPOINT WARNING * * *
Pikel freezes you.
* * * LOW HITPOINT WARNING * * *
You closely miss Pikel.
Pikel is moderately wounded.
You hit the lemure. The lemure barely misses you.
Pikel hits you with a +2 whip of freezing.
* * * LOW HITPOINT WARNING * * *
Pikel freezes you.
* * * LOW HITPOINT WARNING * * *
You slash Pikel!
Pikel is heavily wounded.
You hit the lemure. The lemure hits you but does no damage.
Pikel hits you with a +2 whip of freezing.
* * * LOW HITPOINT WARNING * * *
Pikel freezes you.
You die...

#####.#...........).##.#.#.#
................#...##.#.#
#####....................# #
#.#########......###
#######.#...........##.#
..........55.........^...
#######.#............#.###
#######.##########..##.#
..............55@K5....#
#..8..#..#########..####
##...##..# ..# #######..#
..) ##[..##..# ##
#..8..#..######
...............
#######...##### # #####


You could see Pikel and 3 lemures.

Vanquished Creatures
  A phantom (D:4)
  2 adders (D:2)
  A worm (D:2)
  2 dart slugs
  An orc (D:4)
  6 bats
  8 endoplasms
  A giant cockroach (D:1)
  5 goblins
  3 hobgoblins
  A quokka (D:2)
  3 ball pythons (D:1)
  4 frilled lizards (D:1)
  6 kobolds
  3 rats
47 creatures vanquished.

Vanquished Creatures (others)
  A plant (D:2)
1 creature vanquished.

Grand Total: 48 creatures vanquished

Notes
Turn   | Place    | Note
-------+----------+-------------------------------------------
     0 | D:1      | IdlyInterested the Demonspawn Gladiator began the quest for
                  | the Orb.
     0 | D:1      | Reached XP level 1. HP: 16/16 MP: 1/1
    81 | D:1      | Gained mutation: You regenerate magic rapidly. [demonic
                  | ancestry]
    81 | D:1      | Reached XP level 2. HP: 22/22 MP: 2/2
    91 | D:1      | Reached skill level 3 in Axes
   414 | D:1      | Reached XP level 3. HP: 18/28 MP: 3/3
  1286 | D:2      | Gained mutation: You have a pair of small horns on your
                  | head. [demonic ancestry]
  1286 | D:2      | Reached XP level 4. HP: 34/34 MP: 4/4
  1506 | D:2      | You fall into a shaft and drop 2 floors!
  1566 | D:4      | Noticed a phantom
  1574 | D:4      | Killed a phantom
  1575 | D:4      | Reached skill level 4 in Axes
  1575 | D:4      | Reached skill level 1 in Armour
  1575 | D:4      | Reached XP level 5. HP: 35/41 MP: 5/5
  1669 | D:4      | Noticed a lemure
  1669 | D:4      | Noticed a lemure
  1670 | D:4      | Noticed Pikel
  1686 | D:4      | Noticed a lemure
  1687 | D:4      | Noticed a lemure
  1697 | D:4      | HP: 2/41 [Pikel/+2 whip of freezing (5)]
  1697 | D:4      | Slain by Pikel

Illustrated notes

Levels and vault maps discovered:
D:1:      ebering_hopf_link, layout_loops_ring
D:2:      layout_basic, dilly_ecumenical_altar_fadedgnrine
D:4:      layout_basic, mrwooster_statue_mirror, minmay_misc_feat_more_columns,
          st_stairs_7, minmay_fractal_squares_5, uniq_pikel

Skill      XL: |  1  2  3  4 |
---------------+-------------+-----
Throwing       | 2 |  2.0
Axes           | 3 4 |  4.0
Dodging        | 3 |  3.0
Fighting       | 3 |  3.0
Armour         | 1 |  1.7

Action                   |  1- 3 |  4- 6 || total
-------------------------+-------+-------++-------
Melee: War axe           |   110 |    26 ||   136
       Punch             |     1 |       ||     1
       Headbutt          |       |     2 ||     2
  Use: Scroll            |     3 |       ||     3
       Potion            |     1 |     1 ||     2
Armor: Leather armour    |    34 |       ||    34
       Chain mail        |    22 |     8 ||    30
Dodge: Dodged            |    86 |    12 ||    98

Table legend: (Time is in decaauts)
 A = Elapsed time spent in this place.
 B = Non-inter-level travel time spent in this place.
 C = Inter-level travel time spent in this place.
 D = Time resting spent in this place.
 E = Time spent auto-exploring this place.
 F = Levels seen in this place.
 G = Mean time per level.
                   A        B        C        D        E       F      G
               +--------+--------+--------+--------+--------+-----+--------+
         Total |   1742 |   1685 |     57 |    230 |    960 |   3 |  580.7 |
       Dungeon |   1742 |   1685 |     57 |    230 |    960 |   3 |  580.7 |
               +--------+--------+--------+--------+--------+-----+--------+

Top non-repeatable levels by time:
     D:1: 856 daAuts
     D:2: 688 daAuts
     D:4: 197 daAuts
